 Dungeon Crawl Stone Soup version 0.15.0-14-g6bbbb5c (webtiles) character file.

137 CrazyArbalest the Bolt Thrower (level 5, 37/37 HPs)
             Began as a Demonspawn Hunter on Sept 4, 2014.
             Quit the game on Level 2 of the Dungeon.
             The game lasted 00:09:25 (2135 turns).

CrazyArbalest the Bolt Thrower (Demonspawn Hunter)  Turns: 2135, Time: 00:09:26

HP  37/37        AC  7     Str 12      XL: 5   Next:  0%
MP   5/5         EV  9     Int 12      God:
Gold 98          SH  0     Dex 15      Spells:  0 memorised,  4 levels left

rFire  . . .     SeeInvis .     a - +0 whip
rCold  . . .     Clarity  .     q - +0 ring mail
rNeg   . . .     rCorr    .     (no shield)
rPois  .         rRot     .     k - +0 helmet
rElec  .         Spirit   .     (no cloak)
SustAb .         Warding  .     (no gloves)
rMut   .         Stasis   .     (no boots)
Gourm  .                        (no amulet)
MR     .....                    (no ring)
                                (no ring)

@: not resistant to hostile enchantments, very unstealthy
A: icy blue scales 1, demonic guardian 1, powered by death 1
a: no special abilities


You were on level 2 of the Dungeon.
You were not hungry.

You visited 1 branch of the dungeon, and saw 2 of its levels.

You collected 98 gold pieces.

Inventory:

Hand weapons
 a - a +0 whip (weapon)
 b - a +1 hand crossbow
 l - a +0 mace
Missiles
 c - 13 bolts
Armour
 d - a +0 leather armour
 k - a +0 helmet (worn)
 q - a +0 ring mail (worn)
 t - a +0 hat
Magical devices
 s - a wand of teleportation (4) {unknown}
Comestibles
 f - 2 bread rations
 g - 2 meat rations
 o - a chunk of bat flesh
 z - 3 chunks of hobgoblin flesh
Scrolls
 e - a scroll of teleportation {unknown}
 n - a scroll of enchant weapon {unknown}
 r - a scroll of enchant armour {unknown}
 u - a scroll of immolation {unknown}
 w - 2 scrolls of amnesia {unknown}
 x - a scroll of identify {unknown}
Jewellery
 i - a cursed ring of teleportation {unknown}
 j - an uncursed amulet of guardian spirit {unknown}
 p - a +4 ring of intelligence {unknown}
Potions
 h - a potion of restore abilities {unknown}
 m - a potion of degeneration {unknown}
 A - a potion of lignification {unknown}
Books
 v - a book of Ice

   Spells                             Type                      Level
   Metabolic Englaciation             Hexes/Ice                    5
   Ozocubu's Refrigeration            Ice                          6
   Bolt of Cold                       Conjuration/Ice              6
   Freezing Cloud                     Conjuration/Ice/Air          6
   Simulacrum                         Ice/Necromancy               6


   Skills:
 + Level 1.4 Fighting
 * Level 1.1 Maces & Flails
 * Level 5.0 Crossbows
 + Level 1.1 Armour
 + Level 2.2 Dodging
 + Level 0.8 Stealth


You had 4 spell levels left.
You didn't know any spells.

Dungeon Overview and Level Annotations

Branches:
Dungeon (2/15)

Altars:


Innate Abilities, Weirdness & Mutations

You are partially covered in icy blue scales (AC +1).
A weak demonic guardian rushes to your aid.
You can steal the life force of nearby defeated enemies.


Message History

A rat comes into view.
The rat bites you but does no damage.
You hit the rat.
You kill the rat!
An adder comes into view.
The adder barely misses you. The adder completely misses you.
You see here a rat corpse.
You hit the adder.
The adder is lightly wounded.
The adder bites you but does no damage.
You hit the adder.
The adder is severely wounded.
The adder barely misses you.
You hit the adder.
You kill the adder!
You have reached level 5!
Your demonic ancestry asserts itself...
You feel the presence of a demonic guardian.
You see here a rat corpse.
Are you sure you want to abandon this character and quit the game? (Confirm with "yes".)

#..........# #........# ##.
#...%......# #........# #.
#.....###### #........# #.
#.....# #........# ##
#.....##########......#####
#####.#≈≈≈≈≈≈≈≈#...........
#.#≈≈≈..≈≈≈#####.......
#.#≈≈♣♣.♣≈≈# #.......
#.'..♣@♣..≈# #.......
#.'...♣.♣.≈# ########
###≈≈♣.♣♣≈≈# #≈≈≈..≈≈≈#
#≈≈≈≈≈≈≈≈# ##########


There were no monsters in sight!

Vanquished Creatures
  3 adders (D:2)
  5 gnolls
  2 giant mites (D:2)
  A worm (D:2)
  2 oozes
  A ball python (D:2)
  5 bats
  6 hobgoblins
  2 jackals (D:1)
  6 kobolds
  A giant cockroach (D:1)
  3 giant newts
  4 goblins
  7 rats
48 creatures vanquished.

Notes
Turn   | Place    | Note
--------------------------------------------------------------
     0 | D:1      | CrazyArbalest, the Demonspawn Hunter, began the quest for the Orb.
     0 | D:1      | Reached XP level 1. HP: 15/15 MP: 1/1
   219 | D:1      | Reached skill level 4 in Crossbows
   228 | D:1      | Gained mutation: You can steal the life force of nearby defeated enemies. [demonic ancestry]
   228 | D:1      | Reached XP level 2. HP: 21/21 MP: 2/2
   958 | D:1      | Gained mutation: You are partially covered in icy blue scales (AC +1). [demonic ancestry]
   958 | D:1      | Reached XP level 3. HP: 26/26 MP: 3/3
  1373 | D:2      | Reached XP level 4. HP: 32/32 MP: 4/4
  1587 | D:2      | Reached skill level 1 in Maces & Flails
  1941 | D:2      | Reached skill level 1 in Armour
  1952 | D:2      | Reached skill level 5 in Crossbows
  2130 | D:2      | Gained mutation: A weak demonic guardian rushes to your aid. [demonic ancestry]
  2130 | D:2      | Reached XP level 5. HP: 37/37 MP: 5/5
  2135 | D:2      | Quit the game

Action                   |  1- 3 |  4- 6 || total
-------------------------+-------+-------++-------
Melee: Whip              |    65 |   114 ||   179
       Short sword       |     4 |       ||     4
 Fire: Hand crossbow     |    28 |     5 ||    33
  Eat: Chunk             |     1 |     3 ||     4
